 Dungeon Crawl Stone Soup version 0.19.4-10-g532645f (webtiles) character file.

91 raph the Skirmisher (level 4, -7/42 HPs)
             Began as a Minotaur Abyssal Knight on Feb 23, 2017.
             Was a Believer of Lugonu.
             Killed by divine providence
             ... invoked by an orc priest
              (14 damage)
             ... on level 3 of the Dungeon.
             The game lasted 00:03:40 (1600 turns).

raph the Skirmisher (Minotaur Abyssal Knight)       Turns: 1600, Time: 00:03:41

Health: -7/42      AC:  5    Str: 17    XL:     4   Next: 33%
Magic:  4/4        EV: 11    Int:  9    God:    Lugonu [**....]
Gold:   121        SH:  0    Dex: 10    Spells: 0 memorised, 3 levels left

rFire  . . .     SeeInvis +     a - +2 falchion
rCold  . . .     Gourm    .     b - +0 leather armour
rNeg   . . .     Faith    .     (no shield)
rPois  .         Spirit   .     (helmet restricted)
rElec  .         Reflect  .     (no cloak)
rCorr  .         Harm     .     (no gloves)
MR     .....                    (no boots)
Stlth  +.........               (no amulet)
                                v - +2 ring of protection
                                d - ring of see invisible

@: lethally poisoned (-7 -> -9), very slightly contaminated
A: retaliatory headbutt, horns 2
a: Depart the Abyss, Bend Space, Renounce Religion


You were on level 3 of the Dungeon.
You worshipped Lugonu.
Lugonu was pleased with you.
You were not hungry.

You visited 1 branch of the dungeon, and saw 3 of its levels.
You visited the Abyss 1 time.

You collected 121 gold pieces.

Inventory:

Hand Weapons
 a - a +2 falchion (weapon)
Armour
 b - a +0 leather armour (worn)
Jewellery
 d - a ring of see invisible (left hand)
 v - a +2 ring of protection (right hand)
Scrolls
 e - a scroll of fear
 w - a scroll of remove curse {unknown}
Potions
 h - 2 potions of agility
 s - a potion of haste {unknown}
Comestibles
 c - 4 bread rations
 i - a meat ration
 j - a slice of pizza
 l - 4 chunks of flesh
 r - a beef jerky
 t - 2 fruits


   Skills:
 + Level 5.0 Fighting
 + Level 4.0 Long Blades
 + Level 2.8 Armour
 + Level 1.2 Dodging
 + Level 1.8 Invocations


You had 3 spell levels left.
You didn't know any spells.

Dungeon Overview and Level Annotations

Branches:
Dungeon (3/15)

Altars:
Ashenzari
Cheibriados
Dithmenos
Uskayaw


Innate Abilities, Weirdness & Mutations

You reflexively headbutt those who attack you in melee.
You have a pair of horns on your head.


Message History

You feel sick.
The orc priest mumbles some strange prayers to Beogh against you.
You barely resist.
The orc priest hits you but does no damage.
Items here: )) †† a whip; a dagger; a kobold corpse; an adder corpse You hit the orc priest but do no damage.
The orc priest hits you but does no damage.
You hit the orc priest but do no damage.
Your headbutt misses the orc priest.
You feel sick.
The orc priest hits you but does no damage.
You hit the orc priest. Your headbutt misses the orc priest.
The orc priest is moderately wounded.
The orc priest hits you with a mace!
* * * LOW HITPOINT WARNING * * *
You hit the orc priest.
The orc priest is heavily wounded.
The orc priest mumbles some strange prayers to Beogh against you.
Beogh smites you!
You die...

***,,,,,*#.S...#*,,,,,*
,,,**.,*##.(#,.##*,****
*****#.##.g##*K.##.#
#.....###....,*
####.o.#..#**** *#..S...#
##..##.### #...##.######## *
******#....(..go@..†#*********
*
,,,,,.....##.######.......,,,*
*
,,,,......#...***,,......#**,*
* *,,*##..,.....,**,*#.#.#.#
*,* *
**,**#.*###...#**,**.#,#,# *,*
* **,*#,* ##.## *,**..,,,* *,*
**,***,* #.# *,**,#.*** *,*
*,****,* #.* *,**,*.* *,*
,,,,,,,* **+** *,**,*,*****,*
*


You could see an orc priest and a goblin.

Vanquished Creatures
  3 adders
  4 dart slugs
  4 leopard geckos
  An orc (D:3)
  3 giant cockroaches
  8 goblins
  10 hobgoblins
  A ball python (D:1)
  3 bats
  3 frilled lizards (D:2)
  6 kobolds
  6 rats
52 creatures vanquished.

Notes
Turn   | Place    | Note
-------+----------+-------------------------------------------
     0 | Abyss:1  | raph the Minotaur Abyssal Knight began the quest for the Orb.
     0 | Abyss:1  | Reached XP level 1. HP: 19/19 MP: 1/1
    14 | D:1      | Escaped the Abyss
   146 | D:1      | Reached skill level 4 in Fighting
   201 | D:1      | Reached XP level 2. HP: 22/27 MP: 2/2
   672 | D:1      | Reached XP level 3. HP: 27/34 MP: 3/3
   704 | D:1      | Reached ** piety under Lugonu
   964 | D:2      | Found a shattered altar of Ashenzari.
  1062 | D:2      | Found a hide-covered altar of Uskayaw.
  1230 | D:2      | Reached XP level 4. HP: 41/41 MP: 4/4
  1383 | D:2      | Found a snail-covered altar of Cheibriados.
  1575 | D:3      | Found a shadowy altar of Dithmenos.
  1594 | D:3      | Reached skill level 5 in Fighting
  1600 | D:3      | Killed from afar by an orc priest

Skill      XL: |  1  2  3  4 |
---------------+-------------+-----
Fighting       | 4 5 |  5.0
Long Blades    | 3 4 |  4.0
Armour         | |  2.8
Dodging        | |  1.2
Invocations    | |  1.8

Action                   |  1- 3 |  4- 6 || total
-------------------------+-------+-------++-------
Melee: Falchion          |    72 |    22 ||    94
       Headbutt          |     9 |     4 ||    13
  Use: Scroll            |       |    10 ||    10
  Eat: Chunk             |     1 |     1 ||     2
Armor: Leather armour    |    17 |     9 ||    26
Dodge: Dodged            |    46 |     9 ||    55
       Rpst.: Falchion   |    12 |     3 ||    15
